AoeStats
← 啤酒肚肥猪

Arabia

510518788Analyzed
1v1 RM · 12h ago on Oct 1, 2026· 39m 25s· 2 players
Game mode
Random Map
Map size
Tiny (2 player)
Population
200
Speed
Normal
Resources
Standard
Victory
Conquest
Starting age
Dark Age
Ending age
Imperial Age
RankedLock teamsTeams togetherTeam positionsShared explorationLock speedFull tech treeHidden civsTurbo modeCheats
Victory
Defeat
🇭🇰 Saxons · Hong Kong SAR China
1499
+20
🇹🇼 Romans · Taiwan
1595
-20
Ellis
7:10 Loom
9:21 Feudal Age
9:25 Man-at-Arms
10:05 Double-Bit Axe
11:10 Town Watch
17:15 Fletching
18:21 Horse Collar
18:58 Scale Mail Armor
26:47 Castle Age
26:46 Scale Barding Armor
27:35 Bodkin Arrow
28:24 Guard Tower
30:40 Chain Barding Armor
33:45 Husbandry
36:32 Murder Holes
啤酒肚肥猪
7:27 Loom
9:39 Feudal Age
17:39 Fletching
19:09 Wheelbarrow
23:02 Castle Age
23:08 Horse Collar
23:17 Double-Bit Axe
23:07 Crossbowman
24:07 Bodkin Arrow
34:51 Gold Mining
35:17 Heavy Plow
35:33 Bow Saw
35:53 Sanctity
39:24 Stone Mining
Connection lost

Rejoining the realm…

Still unreachable

The connection could not be restored.

Session expired

The server has moved on; the page needs a fresh start.